 Dungeon Crawl Stone Soup version 0.20.0-10-g0535bb4 (webtiles) character file.

151 kuniqs the Shield-Bearer (level 5, 0/28 HPs)
             Began as a Vine Stalker Fighter on June 5, 2017.
             Slain by a gnoll
             ... wielding a +0 halberd
              (1 damage)
             ... on level 2 of the Dungeon.
             The game lasted 00:02:29 (900 turns).

kuniqs the Shield-Bearer (Vine Stalker Fighter)      Turns: 900, Time: 00:02:29

Health: 0/28       AC: 16    Str: 20    XL:     5   Next: 33%
Magic:  0/6        EV:  5    Int:  8    God:
Gold:   33         SH:  9    Dex: 13    Spells: 4/4 levels left

rFire    . . .     SeeInvis .   j - +2 dagger (protect)
rCold    . . .     Gourm    .   c - +0 shield
rNeg     . . .     Faith    .   e - +0 chain mail
rPois    .         Spirit   +   (no helmet)
rElec    .         Reflect  .   (no cloak)
rCorr    .         Harm     .   (no gloves)
MR       .....                  (no boots)
Stlth    ..........             (no amulet)
Regen    0.5/turn               (no ring)
MPRegen  0.1/turn               (no ring)

@: protection aura
A: fangs 2, regeneration 1, magic shield, antimagic bite, no potion heal 3, rot
immunity
a: no special abilities


You were on level 2 of the Dungeon.
You were not hungry.

You visited 1 branch of the dungeon, and saw 2 of its levels.

You collected 33 gold pieces.

Inventory:

Hand Weapons
 j - a +2 dagger of protection (weapon)
Armour
 c - a +0 shield (worn)
 e - a +0 chain mail (worn)
Scrolls
 i - 3 scrolls of identify {unknown}
Potions
 f - a potion of might
 g - a potion of degeneration {unknown}
 h - a potion of berserk rage {unknown}
 k - a potion of agility {unknown}
 l - a potion of curing {unknown}
Comestibles
 a - 2 royal jellies
 b - 9 chunks of flesh
 d - 4 bread rations


   Skills:
 + Level 3.1 Fighting
 + Level 2.5 Short Blades
 + Level 2.9 Armour
 + Level 1.4 Dodging
 + Level 2.3 Stealth
 + Level 3.3 Shields


You had 4 spell levels left.
You didn't know any spells.

Dungeon Overview and Level Annotations

Branches:
Dungeon (2/15)

Altars:
Dithmenos


Innate Abilities, Weirdness & Mutations

You have extremely sharp teeth.
Your natural rate of healing is unusually fast.
When hurt, damage is shared between your health and your magic reserves.
Your bite disrupts and absorbs the magic of your enemies.
Potions cannot restore your health.
You are immune to rotting.


Message History

The gnoll hits you from afar with a halberd.
You barely miss the gnoll. You bite the gnoll, but do no damage.
The gnoll is severely wounded.
You block the quokka's attack. The gnoll hits you.
You hit the gnoll. Your bite misses the gnoll.
The gnoll is almost dead.
The quokka barely misses you. The gnoll hits you but does no damage.
You block the gnoll's attack. The quokka bites you.
You hit the gnoll.
You kill the gnoll!
The gnoll hits you from afar with a halberd.
The quokka bites you but does no damage.
The gnoll hits you with a halberd!
* * * LOW HITPOINT WARNING * * *
Items here: )) [ † a ring mail; a whip; a spear; a gnoll corpse You barely miss the gnoll.
You bite the gnoll, but do no damage.
The quokka bites you but does no damage.
The gnoll hits you with a halberd.
You die...

.##.........##......
............)...#
#####.
##%.(..##....#
......
##..#..###..##
......##..###..##(.#
.##
.........###......#
...
.......)..#......>#
###
...##.#r..........#
.. #.@##...#.....#
##g##.###.....# #.#
.# #.....# ... .#
#....(# ##.
#.....##### .#
#.......... .#
#....[.#### ..
#......# #......#


You could see a gnoll and a quokka.

Vanquished Creatures
  Natasha (thrice) (D:2)
  3 gnolls (D:2)
  5 dart slugs
  A leopard gecko (D:1)
  4 bats
  A giant cockroach (D:2)
  5 goblins
  6 hobgoblins
  6 frilled lizards
  4 kobolds
  4 rats
42 creatures vanquished.

Notes
Turn   | Place    | Note
-------+----------+-------------------------------------------
     0 | D:1      | kuniqs the Vine Stalker Fighter began the quest for the Orb.
     0 | D:1      | Reached XP level 1. HP: 11/11 MP: 2/2
    39 | D:1      | Reached XP level 2. HP: 13/16 MP: 3/3
   133 | D:1      | Reached skill level 1 in Stealth
   290 | D:1      | Reached XP level 3. HP: 19/19 MP: 4/4
   688 | D:2      | Noticed Natasha
   695 | D:2      | Killed Natasha
   695 | D:2      | Reached skill level 1 in Dodging
   695 | D:2      | Gained mutation: Your natural rate of healing is unusually fast. [Vine Stalker growth]
   695 | D:2      | Reached XP level 4. HP: 16/23 MP: 5/5
   739 | D:2      | Noticed Natasha
   756 | D:2      | Killed Natasha
   820 | D:2      | Noticed Natasha
   821 | D:2      | Found a shadowy altar of Dithmenos.
   834 | D:2      | Killed Natasha
   836 | D:2      | Reached XP level 5. HP: 24/28 MP: 6/6
   899 | D:2      | HP: 1/28 [gnoll/halberd (10)]
   900 | D:2      | Slain by a gnoll

Skill      XL: |  1  2  3  4 |
---------------+-------------+-----
Stealth        | 1 2 |  2.3
Short Blades   | 2 |  2.5
Dodging        | 1 |  1.4
Shields        | 3 |  3.3
Fighting       | 3 |  3.1
Armour         | |  2.9

Action                   |  1- 3 |  4- 6 || total
-------------------------+-------+-------++-------
Melee: Rapier            |    32 |       ||    32
       Bite              |    20 |    24 ||    44
       Dagger            |    37 |    84 ||   121
Armor: Scale mail        |    12 |       ||    12
       Chain mail        |    14 |    53 ||    67
Dodge: Dodged            |     7 |    30 ||    37
Block: Shield            |    27 |    67 ||    94
